 Dungeon Crawl Stone Soup version 0.30.0-5-g1a98f26d00 (webtiles) character file.

Game seed: 15968951243675208719

480 ragingrage the Slasher (level 7, -1/50 HPs)
             Began as a Djinni Berserker on May 10, 2023.
             Was a Priest of Trog.
             Killed by nerve-wracking pain
             ... invoked by an orc priest
              (9 damage)
             ... on level 4 of the Dungeon.
             The game lasted 00:03:57 (2486 turns).

ragingrage the Slasher (Djinni Berserker)           Turns: 2486, Time: 00:03:58

Health: -1/50      AC:  6    Str: 16    XL:     7   Next: 34%
Gold:   165        EV: 10    Int:  8    God:    Trog [***...] SH:  0 Dex: 15

rFire   + + .        a - +0 falchion
rCold   x . .        (no shield)
rNeg    . . .        l - +0 scale mail
rPois   ∞            (no helmet)
rElec   .            (no cloak)
rCorr   .            (no gloves)
SInv    .            (boots unavailable)
Will    .....        (no amulet)
Stlth   +            (no ring)
HPRegen 0.28/turn    (no ring)
MPRegen 0.00/turn

%: infuse magic (-2 HP)
@: flying
A: sickness immunity, fire resistance 2, cold vulnerability 1, float, innate
caster, HP casting, extra vitality 1
a: Renounce Religion, Berserk, Trog's Hand


You were on level 4 of the Dungeon.
You worshipped Trog.
Trog was most pleased with you.
You visited 1 branch of the dungeon, and saw 4 of its levels.
You also visited: Sewer.

You collected 165 gold pieces.

Inventory:

Hand Weapons
 a - a +0 falchion (weapon)
 b - the +1 sling "Zeem Cap" {drain, rC+ Int+3}
   (You found it on level 2 of the Dungeon)

   Int:       It affects your intelligence (+3).
   rC:        It protects you from cold.
Armour
 e - a +0 leather armour
 l - a +0 scale mail (worn)
Scrolls
 c - 2 scrolls of identify
 d - a scroll of enchant armour
 g - a scroll of noise {unknown}
 h - a scroll of poison {unknown}
 i - 3 scrolls of blinking
 j - a scroll of silence {unknown}
 m - a scroll of fog {unknown}
Potions
 f - a potion of invisibility {unknown}
 k - a potion of brilliance {unknown}


   Skills:
 - Level 3.0 Fighting
 + Level 6.8 Long Blades
 - Level 2.0 Armour
 - Level 2.1 Dodging
 - Level 2.0 Stealth


You knew the following spells:

 Your Spells              Type           Power      Damage    Failure   Level
a - Apportation           Tloc           0%         N/A       85%         1
b - Momentum Strike       Conj/Tloc      0%         3d8       94%         2
c - Inner Flame           Hex/Fire       0%         N/A       99%         3
Your spell library was empty.

Dungeon Overview and Level Annotations

Branches:
Dungeon (4/15)              Sewer (visited)
 Temple: D:4-7

Altars:
Ashenzari
Elyvilon
Qazlal

Annotations:
D:3 exclusion: downstairs, Ijyb


Innate Abilities, Weirdness & Mutations

You are immune to sickness and miasma.
You are immune to poison.
Your flesh is very heat resistant. (rF++)
You are vulnerable to cold. (rC-)
You float through the air rather than walking.
You learn spells naturally, not from books.
Your magical power is your life essence.
You have superior vitality. (+4 MHP)


Message History

Aim: an orc priest, wielding a +0 falchion (57% to hit)
You shoot a sling bullet. The orc shouts!
The sling bullet hits the orc priest!
An orc wizard comes into view. It is wielding a +0 dagger.
An orc comes into view. It is wielding a +0 club.
The orc priest invokes the aid of Beogh against you.
Beogh smites you!
The orc wizard shouts!
The orc shouts!
Fire: b) +1 sling "Zeem Cap" {drain, rC+ Int+3}
Aim: an orc priest, wielding a +0 falchion (heavily wounded, 57% to hit)
You shoot a sling bullet.
The sling bullet barely misses the orc priest.
The sling bullet barely misses the orc.
The sling bullet hits the orc.
You drain the orc.
You kill the orc!
Trog accepts your kill.
An orc wizard comes into view. It is wielding a +0 war axe.
The orc wizard mumbles some strange words.
The orc wizard flickers and vanishes!
Deactivating autopickup; reactivate with Ctrl-A.
You hear a shout!
Fire: b) +1 sling "Zeem Cap" {drain, rC+ Int+3}
Aim: an orc priest, wielding a +0 falchion (heavily wounded, 57% to hit)
You shoot a sling bullet.
The sling bullet closely misses the orc priest.
The sling bullet hits the orc.
The orc priest closely misses you.
Fire: b) +1 sling "Zeem Cap" {drain, rC+ Int+3}
Aim: an orc priest, wielding a +0 falchion (heavily wounded, 57% to hit)
You shoot a sling bullet.
The sling bullet barely misses the orc priest.
The sling bullet hits the orc.
The orc priest mumbles some strange prayers to Beogh against you.
Beogh smites you!
* * * LOW HITPOINT WARNING * * *
a - a +0 falchion (weapon)
The orc priest mumbles some strange prayers to Beogh against you.
Pain shoots through your body!
You die...

#.# ....
.....####
.....o.<##
.....##..##
... ##.)###
. ##...#
...######)#
.).)oo.o@.#
.##########


You could see an orc priest, an orc wizard and an orc.

Vanquished Creatures
  2 bullfrogs (Sewer)
  A hound (D:4)
  An orc priest (D:2)
  A sleepcap (D:3)
  An iguana (D:3)
  An orc wizard (D:2)
  4 gnolls (D:3)
  7 adders
  A river rat (D:3)
  A worm (D:2)
  2 dart slugs (D:1)
  7 orcs
  11 ball pythons
  10 endoplasms
  6 giant cockroaches
  4 goblins (D:1)
  3 hobgoblins
  7 quokkas
  5 bats
  16 frilled lizards
  5 kobolds
  9 rats
105 creatures vanquished.

Notes
Turn   | Place    | Note
-------+----------+-------------------------------------------
     0 | D:1      | ragingrage the Djinni Berserker began the quest for the
                  | Orb.
     0 | D:1      | Reached XP level 1. HP: 20/20 MP: 0/0
    31 | D:1      | Reached skill level 3 in Long Blades
    75 | D:1      | Reached XP level 2. HP: 22/25 MP: 0/0
   315 | D:1      | Reached XP level 3. HP: 16/30 MP: 0/0
   315 | D:1      | Learned a level 1 spell: Apportation
   416 | D:1      | Found a faded altar of an unknown god.
   498 | D:1      | Reached skill level 1 in Stealth
   562 | D:1      | Reached ** piety under Trog
   826 | D:2      | Identified the +1 sling "Zeem Cap" {drain, rC+ Int+3}
  1005 | D:2      | Reached XP level 4. HP: 26/35 MP: 0/0
  1008 | D:2      | Reached skill level 4 in Long Blades
  1015 | D:2      | Reached XP level 5. HP: 28/40 MP: 0/0
  1015 | D:2      | Learned a level 2 spell: Momentum Strike
  1623 | D:3      | Found a stormy altar of Qazlal.
  1696 | D:3      | Reached skill level 5 in Long Blades
  1709 | D:3      | Found a white marble altar of Elyvilon.
  1749 | D:3      | Found a glowing drain.
  1753 | D:3      | Reached XP level 6. HP: 46/46 MP: 0/0
  1759 | Sewer    | Entered a sewer
  1975 | Sewer    | Reached *** piety under Trog
  2088 | Sewer    | Reached skill level 6 in Long Blades
  2088 | Sewer    | Reached XP level 7. HP: 46/50 MP: 0/0
  2088 | Sewer    | Learned a level 3 spell: Inner Flame
  2218 | D:3      | Found a broken altar of Ashenzari.
  2256 | D:3      | Noticed Ijyb
  2486 | D:4      | Killed from afar by an orc priest

Illustrated notes

Levels and vault maps discovered:
D:1:      tarquinn_simple_flora_water_c, layout_rooms,
          shapermc_ecumenical_altar_mp_ritualfount, skrybe_limestone_x
D:2:      cheibrodos_pilgrimage, layout_basic
D:3:      layout_rooms, lemuel_round_altar, ashenzari_conservatory_becter,
          chei_slow_surprise, mainiacjoe_overflow_alcove_1,
          portal_sewer_entry_e, minmay_fractal_squares_gapless_5, uniq_ijyb
D:4:      layout_rooms, minmay_temple_entry_purple_smoke, gammafunk_ghost_grave,
          grunt_ministairs_10, st_stairs_2

Skill      XL: |  1  2  3  4  5  6 |
---------------+-------------------+-----
Long Blades    | 3 4 5 6 |  6.8
Stealth        | 1 2 |  2.0
Fighting       | |  3.0
Armour         | |  2.0
Dodging        | |  2.1

Action                     |  1- 3 |  4- 6 |  7- 9 || total
---------------------------+-------+-------+-------++-------
  Melee: Falchion          |    93 |    46 |    47 ||   186
   Fire: Sling             |    34 |   149 |    16 ||   199
 Invoke: Berserk           |     2 |       |     1 ||     3
    Use: Potion            |     1 |       |       ||     1
         Scroll            |       |       |     2 ||     2
   Stab: Sleeping          |     1 |       |       ||     1
 Armour: Animal skin       |    13 |       |       ||    13
         Plate armour      |    28 |    32 |       ||    60
         Scale mail        |       |    62 |    12 ||    74
  Dodge: Dodged            |    69 |    93 |    31 ||   193
